 Dungeon Crawl Stone Soup version 0.29.1-1-gd02db6906a (webtiles) character file.

Game seed: 4088476819232061564

226 Ashen the Chiller (level 5, -3/34 (38) HPs)
             Began as a Demonspawn Ice Elementalist on Oct 20, 2022.
             Slain by a hell rat (5 damage)
             ... in a sewer.
             The game lasted 00:08:12 (5042 turns).

Ashen the Chiller (Demonspawn Ice Elementalist)     Turns: 5042, Time: 00:08:12

HP:   -3/34 (38)    AC:  3    Str:  8    XL:     5   Next: 69%
MP:   5/9           EV: 17    Int: 19    God:
Gold: 132           SH:  0    Dex: 13    Spells: 3/10 levels left

rFire   . . .      SeeInvis .   t - staff of cold
rCold   + . .      Faith    .   (no shield)
rNeg    . . .      Spirit   .   a - +0 robe
rPois   .          Reflect  .   (no helmet)
rElec   .          Harm     .   g - +0 cloak
rCorr   .          Rampage  .   (no gloves)
Will    .....                   (no boots)
Stlth   +.........              (no amulet)
HPRegen 0.11/turn               (no ring)
MPRegen 0.22/turn               (no ring)

@: agile, freezing walls, very slightly contaminated, heavily drained, very slow
A: powered by pain 2, magic regeneration
a: no special abilities


You were in a sewer.
You visited 1 branch of the dungeon, and saw 4 of its levels.
You also visited: Sewer.

You collected 132 gold pieces.

Inventory:

Hand Weapons
 h - a +0 war axe
Armour
 a - a +0 robe (worn)
 g - a +0 cloak (worn)
Magical Staves
 t - a staff of cold (weapon)
Jewellery
 l - a +4 ring of protection
 m - a +4 ring of protection
Scrolls
 c - 4 scrolls of blinking {unknown}
 e - a scroll of identify {unknown}
 i - a scroll of silence {unknown}
 n - 2 scrolls of fog {unknown}
 o - a scroll of brand weapon {unknown}
 p - a scroll of torment {unknown}
 u - a scroll of noise {unknown}
Potions
 b - a potion of might {unknown}
 d - 2 potions of flight {unknown}
 f - 2 potions of resistance {unknown}
 j - a potion of curing {unknown}
 k - 2 potions of brilliance {unknown}
 q - a potion of cancellation {unknown}
 r - a potion of degeneration {unknown}
 s - a potion of mutation {unknown}


   Skills:
 + Level 2.2 Fighting
 + Level 2.8 Dodging
 + Level 3.0 Stealth
 + Level 3.0 Spellcasting
 + Level 4.3 Ice Magic


You had 3 spell levels left.
You knew the following spells:

 Your Spells              Type           Power      Damage    Failure   Level
a - Freeze                Ice            100%       1d11      2%          1
b - Frozen Ramparts       Ice            56%        1d9       8%          3
c - Ozocubu's Armour      Ice            28%        N/A       8%          3

Your spell library contained the following spells:

 Spells                   Type           Power      Damage    Failure   Level
 Hailstorm                Conj/Ice       16%        3d6       52%         4


Dungeon Overview and Level Annotations

Branches:
Dungeon (4/15)              Sewer (1/1)
 Temple: D:4-7

Altars:


Innate Abilities, Weirdness & Mutations

You sometimes gain power by taking damage.
You regenerate magic rapidly.


Message History

Confirm with . or Enter, or press ? or * to list all spells.
Casting: Frozen Ramparts (dangerous; 8% risk of failure)
Press: ? - help, Dir - look around, f - activate Some shallow water.
You feel a surge of power!
The walls around you are covered in ice.
The wall freezes the hell rat but does no damage.
You hit the hell rat. You freeze the hell rat.
The hell rat is heavily wounded.
The wall freezes the hell rat but does no damage.
The hell rat bites you.
You feel drained.
The wall freezes the hell rat but does no damage.
The hell rat closely misses you.
Your unstable footing causes you to fumble your attack.
The wall freezes the hell rat but does no damage.
The hell rat bites you!!
Ouch! That really hurt!
You focus on the pain.
You feel agile all of a sudden.
Casting: Frozen Ramparts (dangerous; 8% risk of failure)
Confirm with . or Enter, or press ? or * to list all spells.
Aiming: Freeze (safe; 2% risk of failure)
Press: ? - help, Shift-Dir - straight line, f - hell rat
Aim: a hell rat (heavily wounded)
You feel a surge of power!
You freeze the hell rat.
The hell rat is severely wounded.
The wall freezes the hell rat but does no damage.
The hell rat completely misses you.
Casting: Freeze (safe; 2% risk of failure)
Confirm with . or Enter, or press ? or * to list all spells.
Aiming: Freeze (safe; 2% risk of failure)
Press: ? - help, Shift-Dir - straight line, f/p - hell rat
Aim: a hell rat (severely wounded)
You feel a surge of power!
You miscast Freeze.
You are very lightly contaminated with residual magic.
Nothing appears to happen.
The wall freezes the hell rat.
The hell rat bites you!
* * * LOW HITPOINT WARNING * * *
You feel drained.
You die...

###~~~###
#..~~.~.#
##.~...~~##
#.†.###~..#
##.†## ##.~##
#~~~#~~ #.~~#
#..##?~~##~~#
#.~#?!~~.#~~#
#∩∩#∩?~~~r@~#
#~~#!!~~~#~.#
#~~##$.~ #~.#
#~..#~. ~~~#
##.~## .~##
..r .~~# #r..
.~## ~.~~~~~


You could see a hell rat.

Vanquished Creatures
  An orc priest (D:3)
  Terence (D:3)
  6 adders
  2 river rats
  A worm (D:2)
  A dart slug (D:1)
  8 orcs
  5 endoplasms
  4 giant cockroaches
  6 goblins
  7 hobgoblins
  11 jackals
  3 quokkas
  11 ball pythons
  5 bats
  A frilled lizard (D:1)
  4 kobolds
  6 rats
83 creatures vanquished.

Vanquished Creatures (others)
  A goblin (D:1)
  5 plants (D:2)
6 creatures vanquished.

Grand Total: 89 creatures vanquished

Notes
Turn   | Place    | Note
-------+----------+-------------------------------------------
     0 | D:1      | Ashen the Demonspawn Ice Elementalist began the quest for
                  | the Orb.
     0 | D:1      | Reached XP level 1. HP: 13/13 MP: 3/3
   534 | D:1      | Gained mutation: You sometimes gain a little power by
                  | taking damage. [demonic ancestry]
   534 | D:1      | Reached XP level 2. HP: 20/20 MP: 1/5
  1916 | D:2      | Reached skill level 1 in Fighting
  1959 | D:2      | Gained mutation: You sometimes gain power by taking damage.
                  | [demonic ancestry]
  1959 | D:2      | Reached XP level 3. HP: 26/26 MP: 6/6
  2103 | D:2      | Found a faded altar of an unknown god.
  2360 | D:2      | Learned a level 3 spell: Frozen Ramparts
  3548 | D:3      | Noticed Terence
  3672 | D:3      | Gained mutation: You regenerate magic rapidly. [demonic
                  | ancestry]
  3672 | D:3      | Reached XP level 4. HP: 23/32 MP: 0/7
  3734 | D:3      | Reached skill level 4 in Ice Magic
  3862 | D:3      | Killed Terence
  3961 | D:3      | Learned a level 3 spell: Ozocubu's Armour
  4239 | D:3      | Reached XP level 5. HP: 38/38 MP: 3/9
  4769 | D:4      | Noticed a phantom
  4930 | D:4      | Found a glowing drain.
  4934 | Sewer    | Entered a sewer
  5042 | Sewer    | Slain by a hell rat

Illustrated notes

Levels and vault maps discovered:
D:1:      lemuel_arrival_tunnels, layout_loops_ring, lemuel_flame_loot_1
D:2:      layout_basic, shapermc_ecumenical_altar_pompeii, skrybe_limestone_x,
          serial_bayou_crossing
D:3:      layout_loops_ring, minmay_strange_pillars, uniq_terence
D:4:      layout_loops_corners, mainiacjoe_overflow_boulevard,
          gup_sewer_entry_bowl, patterned_corridor, uniq_grinder, uniq_natasha
Sewer:    sewer_hellmonk_bad_rat

Skill      XL: |  1  2  3  4  5 |
---------------+----------------+-----
Stealth        | 2 3 |  3.0
Dodging        | 2 |  2.8
Fighting       | 1 2 |  2.2
Ice Magic      | 4 |  4.3
Spellcasting   | 3 |  3.0

Action                   |  1- 3 |  4- 6 || total
-------------------------+-------+-------++-------
Melee: Unarmed           |     7 |       ||     7
       War axe           |    51 |       ||    51
       Punch             |     1 |       ||     1
       Staff             |       |    32 ||    32
 Cast: Freeze            |    54 |    39 ||    93
       Frozen Ramparts   |       |     4 ||     4
       Ozocubu's Armour  |       |     2 ||     2
  Use: Potion            |     1 |       ||     1
 Stab: Sleeping          |     3 |     2 ||     5
       Distracted        |       |     1 ||     1
Armor: Robe              |    27 |    11 ||    38
Dodge: Dodged            |    95 |    40 ||   135
